 Dungeon Crawl Stone Soup version 0.16.1 (webtiles) character file.

118 Fiveotanaka the Cudgeler (level 4, -3/37 HPs)
             Began as a Minotaur Gladiator on Mar 24, 2015.
             Killed by divine providence
             ... invoked by an orc priest
              (16 damage)
             ... on level 4 of the Dungeon.
             The game lasted 00:02:47 (2304 turns).

Fiveotanaka the Cudgeler (Minotaur Gladiator)       Turns: 2304, Time: 00:02:48

Health: -3/37      AC:  8    Str: 20    XL:     4   Next: 72%
Magic:  2/2        EV: 12    Int:  5    God:
Gold:   154        SH:  0    Dex: 11    Spells: 0 memorised, 3 levels left

rFire  . . .     SeeInvis .     a - +0 flail
rCold  . . .     Clarity  .     q - +0 ring mail
rNeg   . . .     SustAb   +     (no shield)
rPois  .         Gourm    .     c - +0 hat
rElec  .         Spirit   .     t - +1 cloak {MR+}
rCorr  .         Warding  .     s - +0 pair of gloves
rMut   .         Stasis   .     (no boots)
MR     +....                    (no amulet)
Stlth  +.........               (no ring)
                                e - ring of sustain abilities

@: somewhat resistant to hostile enchantments, very unstealthy
A: retaliatory headbutt, horns 2
a: no special abilities


You were on level 4 of the Dungeon.
You were not hungry.

You visited 1 branch of the dungeon, and saw 4 of its levels.

You collected 154 gold pieces.

Inventory:

Hand weapons
 a - a +0 flail (weapon)
Missiles
 d - 3 throwing nets (quivered)
Armour
 b - a +0 leather armour
 c - a +0 hat (worn)
 q - a +0 ring mail (worn)
 s - a +0 pair of gloves (worn)
 t - a +1 cloak of magic resistance (worn)
Jewellery
 e - a ring of sustain abilities (left hand)
Scrolls
 g - 2 scrolls of teleportation {unknown}
 h - a scroll of noise {unknown}
 k - 2 scrolls of random uselessness {unknown}
 l - a scroll of fear {unknown}
 m - 2 scrolls of blinking {unknown}
 p - a scroll of magic mapping {unknown}
 x - a scroll of identify {unknown}
Potions
 i - a potion of might {unknown}
 j - a potion of restore abilities {unknown}
 n - 3 potions of curing
 o - a potion of heal wounds {unknown}
 r - a potion of invisibility {unknown}
Comestibles
 f - 5 bread rations
 u - a meat ration
 w - 5 fruits


   Skills:
 - Level 2.4 Fighting
 + Level 6.6 Maces & Flails
 - Level 2.0 Throwing
 - Level 3.2 Dodging


You had 3 spell levels left.
You didn't know any spells.

Dungeon Overview and Level Annotations

Branches:
Dungeon (4/15)
 Temple: D:4-7

Altars:


Innate Abilities, Weirdness & Mutations

You reflexively headbutt those who attack you in melee.
You have a pair of horns on your head.


Message History

An orc wizard comes into view. It is wielding a dagger.
You start waiting.
A hobgoblin comes into view. It is wielding a club.
A hound comes into view.
The hound barks!
There are monsters nearby!
There are monsters nearby!
The orc warrior hits you with a trident!
You closely miss the orc warrior.
The orc priest mumbles some strange prayers to Beogh against you.
Something smites you! The orc warrior barely misses you.
You hit the orc warrior but do no damage.
The hound bites you but does no damage.
You hit the orc warrior but do no damage.
You headbutt the orc warrior.
The orc warrior is lightly wounded.
The hound misses you.
The orc priest invokes the aid of Beogh against you.
Something smites you!
You die...

### ### #<# ..#
#.# #.# #.# #.#
#.# ##.####.#
#.o.o...#####
#.@#####....#
#gh# #..o.#
#..#####....#
............o#
###..####.....#
.... .......#
....#.#.....o#
....+ ##.....#
.....# #.....#


You could see an orc warrior, a hound, an orc priest and a hobgoblin.

Vanquished Creatures
  Crazy Yiuf (D:3)
  A gnoll (D:1)
  2 adders (D:2)
  A worm (D:2)
  A giant gecko (D:2)
  7 bats
  A giant cockroach (D:3)
  4 hobgoblins
  10 jackals
  10 kobolds
  2 quokkas
  A ball python (D:3)
  5 giant newts
  5 goblins
  8 rats
59 creatures vanquished.

Notes
Turn   | Place    | Note
--------------------------------------------------------------
     0 | D:1      | Fiveotanaka, the Minotaur Gladiator, began the quest for the Orb.
     0 | D:1      | Reached XP level 1. HP: 18/18 MP: 1/1
    66 | D:1      | Reached skill level 4 in Maces & Flails
   303 | D:1      | Reached XP level 2. HP: 22/25 MP: 1/1
   910 | D:2      | Reached skill level 5 in Maces & Flails
   959 | D:2      | Reached XP level 3. HP: 30/30 MP: 2/2
  1396 | D:2      | Reached XP level 4. HP: 16/37 MP: 2/2
  1763 | D:3      | Reached skill level 6 in Maces & Flails
  1863 | D:3      | Noticed Crazy Yiuf
  1871 | D:3      | Killed Crazy Yiuf
  2286 | D:4      | Noticed an orc warrior
  2304 | D:4      | Killed from afar by an orc priest

Action                   |  1- 3 |  4- 6 || total
-------------------------+-------+-------++-------
Melee: Flail             |    94 |    44 ||   138
  Use: Potion            |       |     1 ||     1
  Eat: Pizza             |     1 |       ||     1
       Chunk             |       |     3 ||     3
